 Dungeon Crawl Stone Soup version 0.28-a0-1152-g9c71ebef14 (webtiles) character file.

Game seed: 18260576819739184

23 spaghetti the Sneak (level 2, -9/24 HPs)
             Began as a Mummy Delver on Dec 14, 2021.
             Mangled by an ogre (33 damage)
             ... on level 4 of the Dungeon.
             The game lasted 00:01:15 (708 turns).

spaghetti the Sneak (Mummy Delver)                   Turns: 708, Time: 00:01:16

Health: -9/24      AC:  3    Str: 15    XL:     2   Next: 72%
Magic:  2/2        EV: 11    Int:  9    God:
Gold:   11         SH:  0    Dex: 13    Spells: 1/1 levels left

rFire   x . .      SeeInvis .   a - +0 falchion {long}
rCold   + . .      Faith    .   (no shield)
rNeg    + + +      Spirit   .   b - +0 leather armour
rPois   ∞          Reflect  .   (no helmet)
rElec   .          Harm     .   (no cloak)
rCorr   .          Rampage  .   (no gloves)
Will    .....                   (no boots)
Stlth   ++........              (no amulet)
HPRegen 0.08/turn               (no ring)
MPRegen 0.08/turn               (no ring)

@: no status effects
A: cold resistance 1, negative energy resistance 3, torment resistance 2, heat
vulnerability 1, no potions
a: no special abilities


You were on level 4 of the Dungeon.
You visited 1 branch of the dungeon, and saw 3 of its levels.

You collected 11 gold pieces.


Innate Abilities, Weirdness & Mutations

You are immune to poison.
Your flesh is cold resistant. (rC+)
You are immune to negative energy. (rN+++)
You are immune to unholy pain and torment.
You are vulnerable to heat. (rF-)
You do not drink.


   Skills:
 + Level 3.5 Fighting
 - Level 1.8 Long Blades
 - Level 1.8 Dodging
 - Level 4.2 Stealth


You had one spell level left.
You didn't know any spells.
Your spell library was empty.

Inventory:

Hand Weapons
 a - a +0 falchion (weapon) {long}
Armour
 b - a +0 leather armour (worn)
Wands
 f - a wand of digging (3)
Scrolls
 c - a scroll of fog
 d - a scroll of magic mapping {!r}

Dungeon Overview and Level Annotations

Branches:
Dungeon (6/15)
 Temple: D:4-7

Altars:
Fedhas

Shops:
D:5 [

Annotations:
D:6 Eustachio

l. #.# ..
######.###
....B....#
≈≈§≈≈≈§§J#
§§≈≈§≈§§O# .#
8....w§§@##.#
§.≈≈≈§§§..#.#
≈≈≈≈§≈≈$..#.#
..........#.#
.####.###.#.#
## #..!.#
..^8^..#..#
########..###
#..>..#


You could see an ogre and an endoplasm.


Message History

There are monsters nearby!
You closely miss the white imp. The white imp closely misses you.
You hit the white imp. The white imp closely misses you.
You hit the white imp. The white imp gestures at you.
The puff of frost hits you. You resist. The white imp hits you.
The white imp freezes you. You resist. 😕 HP[-5]
You take 5 damage, and now have 19/24 hp.
MASSIVE DAMAGE!! (PAUSE)
You closely miss the white imp. The white imp misses you.
You hit the white imp. The white imp gestures at you.
The puff of frost hits you. You resist. 😮 HP[-5]
You take 5 damage, and now have 14/24 hp.
MASSIVE DAMAGE!! (PAUSE)
You barely miss the white imp. The white imp barely misses you.
You barely miss the white imp. The white imp closely misses you.
The white imp gestures at you. The puff of frost hits you. You resist.
* * * LOW HITPOINT WARNING * * *
😨 HP[-5]
You take 5 damage, and now have 9/24 hp.
MASSIVE DAMAGE!! (PAUSE)
You hit the white imp but do no damage.
The white imp hits you but does no damage.
You hit the white imp but do no damage. The white imp misses you.
You hit the white imp.
You kill the white imp! 😨 HP[+1] 😨 HP[+1]
You can't drink.
Unknown command.
You hear the quick rusting of a very distant drain. 😨 HP[+1]
You hit the gnoll. The gnoll hits you with a +0 whip.
* * * LOW HITPOINT WARNING * * *
😨 HP[-2]
You take 2 damage, and now have 10/24 hp.
Unknown command.
The gnoll barely misses you.
You closely miss the gnoll. The gnoll hits you with a +0 whip.
* * * LOW HITPOINT WARNING * * *
😱 HP[-4]
You take 4 damage, and now have 6/24 hp.
Unknown command. 😨 HP[+1]
You see here a +0 hunting sling {sling}. 😨 HP[+1]
The gnoll hits you with a +0 whip.
* * * LOW HITPOINT WARNING * * *
😱 HP[-4]
You take 4 damage, and now have 4/24 hp.
You can't drink.
As you read the scroll of fear, it crumbles to dust.
You assume a fearsome visage.
The gnoll looks frightened! 😱 HP[+1]
You start resting.
You hear the quick rusting of a very distant drain.
A gnoll is nearby!
Unknown command. 😨 HP[+3]
You regained 3 hp, and now have 8/24 hp.
A gnoll is nearby! 😨 HP[+1]
You hear the rapid rusting of a very distant drain.
You see here 2 puce potions.
Unknown command.
Found a stone staircase leading up. 😨 HP[+1]
There is a stone staircase leading up here.
You climb upwards.
There is a stone staircase leading down here.
Unknown command.
Unknown command.
You start resting. 😎 HP[+14]
Your hp is fully restored (24).
A ball python comes into view.
Found a blossoming altar of Fedhas.
The helpless ball python fails to defend itself.
You slash the ball python!
You kill the ball python!
A dart slug comes into view.
An ogre comes into view. It is wielding a +0 giant spiked club.
You hit the endoplasm.
You kill the endoplasm!
An endoplasm comes into view.
The ogre shouts!
The endoplasm quivers.
You hear an angry hiss.
You see here 12 gold pieces.
A giant cockroach comes into view.
You barely miss the ogre. The ogre barely misses you.
An iguana comes into view.
You hit the ogre.
The ogre hits you with a +0 giant spiked club!!
Ouch! That really hurt!
You die...

Action                   || total
-------------------------++-------
Melee: Falchion          ||    28
  Use: Scroll            ||     2
 Stab: Sleeping          ||     1
Armor: Leather armour    ||     3
Dodge: Dodged            ||    16

Levels and vault maps discovered:
D:4:      layout_basic, general_overflow_altar, mainiacjoe_overflow_catwalk,
          lemuel_blue_sif_altar, lemuel_temple_firewalk_b,
          ebering_dispersal_statue_hall
D:5:      layout_basic, mainiacjoe_overflow_surrounded_room,
          portal_sewer_entry_b, serial_shops, shop_statue
D:6:      layout_loops_ring, mainiacjoe_overflow_big_doors, enter_ossuary_4,
          uniq_eustachio, uniq_pikel

Notes
Turn   | Place    | Note
-------+----------+-------------------------------------------
     0 | D:5      | spaghetti the Mummy Delver began the quest for the Orb.
     0 | D:5      | Reached XP level 1. HP: 18/18 MP: 1/1
     0 | D:5      | magus.rc [v1.9.6]
    79 | D:6      | Reached XP level 2. HP: 10/24 MP: 2/2
   258 | D:6      | Noticed Eustachio
   374 | D:5      | Found Pungiypt's Armour Shop.
   430 | D:5      | HP: 6/24 [gnoll (4)]
   450 | D:5      | HP: 4/24 [gnoll (4)]
   698 | D:4      | Found a blossoming altar of Fedhas.
   702 | D:4      | Noticed an ogre
   708 | D:4      | Mangled by an ogre

Vanquished Creatures
  An adder (D:6)
  A white imp (D:5)
  An adder zombie (D:5)
  A ball python (D:4)
  An endoplasm (D:4)
5 creatures vanquished.

Vanquished Creatures (others)
  2 fungi (D:6)
2 creatures vanquished.

Grand Total: 7 creatures vanquished

Table legend:
 A = Non-vault XP
 B = Vault XP
 C = Vault XP percentage of total XP
 D = Non-vault monster count
 E = Vault monster count
 F = Vault count percentage of total count
                 A         B        C        D         E       F
            +---------+---------+-------+---------+---------+-------
      Total |      33 |       0 |   0.0 |       5 |       0 |   0.0
            +---------+---------+-------+---------+---------+-------
        D:4 |       4 |       0 |   0.0 |       2 |       0 |   0.0
        D:5 |      16 |       0 |   0.0 |       2 |       0 |   0.0
        D:6 |      13 |       0 |   0.0 |       1 |       0 |   0.0
            +---------+---------+-------+---------+---------+-------

Illustrated notes

Table legend:
 A = Kills in this place as a percentage of kills in entire the game.
 B = Kills by you in this place as a percentage of kills by you in the entire game.
 C = Kills by friends in this place as a percentage of kills by friends in the entire game.
 D = Other kills in this place as a percentage of other kills in the entire game.
 E = Experience gained in this place as a percentage of experience gained in the entire game.
 F = Experience gained in this place divided by the number of levels of this place that you have seen.
                   A       B       C       D       E      F
               +-------+-------+-------+-------+-------+----------------------
         Total | 100.0 | 100.0 |   N/A |   N/A | 100.0 |  11.0
       Dungeon | 100.0 | 100.0 |   N/A |   N/A | 100.0 |  11.0
               +-------+-------+-------+-------+-------+----------------------

Table legend: (Time is in decaauts)
 A = Elapsed time spent in this place.
 B = Non-inter-level travel time spent in this place.
 C = Inter-level travel time spent in this place.
 D = Time resting spent in this place.
 E = Time spent auto-exploring this place.
 F = Levels seen in this place.
 G = Mean time per level.
                   A        B        C        D        E       F      G
               +--------+--------+--------+--------+--------+-----+--------+
         Total |    714 |    714 |      0 |    527 |     21 |   3 |  238.0 |
       Dungeon |    714 |    714 |      0 |    527 |     21 |   3 |  238.0 |
               +--------+--------+--------+--------+--------+-----+--------+

Top non-repeatable levels by time:
     D:6: 292 daAuts
     D:5: 236 daAuts
     D:4: 185 daAuts
